 Dungeon Crawl Stone Soup version 0.20.0-15-g7f486f2 (webtiles) character file.

17578 miragecloak the Black Belt (level 12, -4/90 HPs)
             Began as an Octopode Transmuter on June 9, 2017.
             Was a Believer of Ashenzari.
             Slain by a freezing wraith (13 damage)
             ... on level 13 of the Dungeon.
             The game lasted 00:36:30 (17831 turns).

miragecloak the Black Belt (Octopode Transmuter)   Turns: 17831, Time: 00:36:31

Health: -4/90      AC:  3    Str: 10    XL:     12   Next: 49%
Magic:  14/15      EV: 30    Int: 17    God:    Ashenzari [**....]
Gold:   792        SH:  0    Dex: 22    Spells: 11/15 levels left

rFire    . . .     SeeInvis +     - Unarmed
rCold    . . .     Gourm    .   (shield currently unavailable)
rNeg     . . .     Faith    .   (helmet currently unavailable)
rPois    x         Spirit   .   M - amulet of regeneration (curse)
rElec    .         Reflect  .   e - ring of see invisible (curse)
rCorr    .         Harm     .   m - +1 ring of protection
MR       .....                  B - +2 ring of intelligence (curse)
Stlth    ++++......             R - ring of stealth
Regen    0.7/turn               (no ring)
MPRegen  0.2/turn               (no ring)
                                (no ring)
                                (no ring)

@: about to teleport, spider-form (expiring), slowed, very slow
A: almost no armour, stealthy swim, (amphibious), 8 rings, (constrict 8), robust
1
a: End Transformation, Curse Item, Scrying, Renounce Religion


You were on level 13 of the Dungeon.
You worshipped Ashenzari.
Ashenzari was pleased with you.
You were not hungry.
You were a venomous arachnid creature.
You visited 3 branches of the dungeon, and saw 15 of its levels.
You also visited: Sewer, Ossuary and Volcano.

You collected 792 gold pieces.

Inventory:

Missiles
 a - 281 arrows
Armour
 i - a +2 buckler
Magical Staves
 E - a cursed staff of air (melded)
Jewellery
 e - a cursed ring of see invisible (left front leg)
 m - a +1 ring of protection (right front leg)
 B - a cursed +2 ring of intelligence (on tentacle)
 M - a cursed amulet of regeneration (around neck)
 R - a ring of stealth (on tentacle)
Wands
 f - a wand of confusion (25/48)
 j - a wand of scattershot (5/9)
 r - a wand of flame (23/48)
 s - a wand of digging (8/24)
 Q - a wand of acid (10/15)
 T - a wand of paralysis (11/24)
Scrolls
 h - 6 scrolls of magic mapping
 l - 7 scrolls of fog {unknown}
 n - 5 scrolls of fear {unknown}
 u - 2 scrolls of enchant armour {unknown}
 w - 3 scrolls of identify
 y - 5 scrolls of teleportation
 C - a scroll of blinking {unknown}
 D - 2 scrolls of recharging {unknown}
 H - 4 scrolls of amnesia {unknown}
 L - 3 scrolls of enchant weapon {unknown}
 N - a scroll of immolation {unknown}
Potions
 d - 3 potions of might
 k - a potion of curing
 o - 2 potions of degeneration {unknown}
 p - 3 potions of agility
 t - 7 potions of magic
 v - a potion of invisibility {unknown}
 x - a potion of flight {unknown}
 A - 3 potions of haste {unknown}
 F - a potion of cancellation {unknown}
 G - 2 potions of brilliance
 J - a potion of mutation {unknown}
 K - 3 potions of ambrosia {unknown}
 O - 2 potions of lignification {unknown}
 S - 2 potions of resistance {unknown}
Books
 b - a book of Changes

   Spells                             Type                      Level
   a - Beastly Appendage              Transmutation                1
   b - Sticks to Snakes               Transmutation                2
   c - Spider Form                    Transmutation/Poison         3
   d - Ice Form                       Ice/Transmutation            4
   e - Blade Hands                    Transmutation                5
 P - a book of Power

   Spells                             Type                      Level
   a - Iskenderun's Battlesphere      Conjuration/Charms           5
   b - Venom Bolt                     Conjuration/Poison           5
   c - Bolt of Magma                  Conjuration/Fire/Earth       5
   d - Iron Shot                      Conjuration/Earth            6
   e - Orb of Destruction             Conjuration                  7
   f - Spellforged Servitor           Conjuration/Summoning        7
Comestibles
 c - 8 bread rations
 g - a royal jelly
 q - 2 fruits
 I - 5 meat rations
 U - 2 chunks of flesh


   Skills:
 + Level 8.0 Fighting
 * Level 8.8 Dodging
 - Level 4.0 Stealth
 - Level 15.0 Unarmed Combat
 - Level 2.0 Spellcasting
 - Level 4.2 Transmutations
 - Level 3.8 Poison Magic


You had 11 spell levels left.
You knew the following spells:

 Your Spells              Type           Power        Failure   Level  Hunger
a - Beastly Appendage     Tmut           ###...       11%         1    #......
b - Spider Form           Tmut/Pois      ###.......   26%         3    ###....


Dungeon Overview and Level Annotations

Branches:
Dungeon (13/15)            Temple (1/1) D:5            Lair (1/6) D:9
    Orc (0/2) D:10
 Vaults: D:13-14

Altars:
Ashenzari
Dithmenos
Elyvilon
Fedhas
Gozag
Hepliaklqana
Kikubaaqudgha
Makhleb
Nemelex Xobeh
Okawaru
Qazlal
Ru
Sif Muna
Trog
Uskayaw
Vehumet
Xom
Yredelemnul
Zin

Shops:
D:11 [

Annotations:
D:5 Paps's ghost, novice OpEn
D:10 Urug
D:12 exclusion: downstairs
D:13 exclusion: hydra, melvinkitnick's ghost, journeyman VSMo


Innate Abilities, Weirdness & Mutations

You cannot wear most types of armour.
You are very stealthy in the water. (Stealth+)
((You are amphibious.))
You can wear up to eight rings at the same time.
((You can use your tentacles to constrict eight enemies at once.))
((Your skin changes colour to match your surroundings (Stealth+).))
((Your rubbery body absorbs attacks. (AC +1, EV +1)))
((Your flesh is heat resistant. (rF+)))
You are robust. (+10% HP)


Message History

The freezing wraith hits you.
* * * LOW HITPOINT WARNING * * *
You feel much better. The freezing wraith hits you!
The freezing wraith freezes you!
* * * LOW HITPOINT WARNING * * *
The freezing wraith completely misses you.
The freezing wraith misses you. The freezing wraith hits you.
* * * LOW HITPOINT WARNING * * *
The freezing wraith drains your vigour!
You feel as though you will be slow longer.
You feel much better.
Your transformation is almost over.
The freezing wraith completely misses you. x2
As you read the scroll of teleportation, it crumbles to dust.
You feel strangely unstable. The freezing wraith hits you!
* * * LOW HITPOINT WARNING * * *
The freezing wraith freezes you!
* * * LOW HITPOINT WARNING * * *
The freezing wraith closely misses you. The freezing wraith hits you!
You die...

.....# #.# ,...
.....#
#######.########*
... .....## *
#.........>.....
... .........
..####..########
... .....#### *
#.## ... .....#
#.# ... #.####
#.# ..+ #... ##.#
* * . ###...,*
#.s# *### #W##
#.# * #.# *, ,* *
#.# * ** , , , ,
* ,... , * , >..,
, , , , ,, ,
,..... ,* , ,
..... *


You could see a freezing wraith.

Vanquished Creatures
  3 two-headed ogres
  An unseen horror (D:13)
  Pikel (D:4)
  A wolf spider (Lair:1)
  2 ugly things
  A centaur zombie (D:12)
  A spiny frog (Lair:1)
  A komodo dragon (Lair:1)
  2 gargoyles
  2 trolls (D:12)
  2 hornets
  2 hippogriffs
  6 slime creatures (D:13)
  The ghost of miragecloak the Stinger, an amateur OpTm (D:3)
  A spriggan (D:8)
  2 shadows
  A water elemental (D:13)
  2 wyverns (D:12)
  2 fire bats (Volcano)
  5 yaks (D:12)
  2 hungry ghosts
  A warg (D:10)
  An acid dragon (D:12)
  A soldier ant (D:12)
  2 water moccasins (Lair:1)
  A slave (D:4)
  3 orc warriors (D:10)
  2 ice beasts
  3 phantoms
  11 ogres
  3 sky beasts
  10 centaurs
  7 big kobolds (Sewer)
  A wyvern zombie (D:10)
  5 bullfrogs
  4 scorpions
  2 water moccasin zombies
  4 killer bees (D:11)
  6 howler monkeys
  4 wights (D:11)
  3 electric eels (D:9)
  2 crimson imps
  3 bullfrog zombies
  2 jellies
  2 quasits
  9 orc priests
  3 hounds
  3 bullfrog skeletons
  4 centaur skeletons
  A gnoll shaman (D:8)
  8 orc wizards
  8 iguanas
  Terence (D:1)
  5 worker ants
  7 big kobold zombies (Ossuary)
  2 killer bee zombies
  A hound skeleton (D:4)
  2 mummies (Ossuary)
  17 gnolls
  9 adders
  A howler monkey skeleton (D:9)
  2 river rats (Sewer)
  2 shadow imps
  3 oozes
  4 adder zombies
  An adder skeleton (D:7)
  4 dart slugs
  3 worms (Sewer)
  13 leopard geckos
  46 orcs
  9 giant cockroaches
  11 goblins
  9 hobgoblins
  14 jackals
  10 kobolds
  3 quokkas
  8 ball pythons
  6 bats
  7 frilled lizards
  4 gnoll zombies (Ossuary)
  A hobgoblin zombie (Ossuary)
  7 kobold zombies (Ossuary)
  A leopard gecko skeleton (D:4)
  4 orc zombies (Ossuary)
  9 rats
386 creatures vanquished.

Vanquished Creatures (others)
  A centaur (Volcano)
  An adder skeleton (D:4)
  A quokka zombie (D:7)
  11 fungi (Lair:1)
  18 plants (Lair:1)
32 creatures vanquished.

Grand Total: 418 creatures vanquished

Notes
Turn   | Place    | Note
-------+----------+-------------------------------------------
     0 | D:1      | miragecloak the Octopode Transmuter began the quest for the Orb.
     0 | D:1      | Reached XP level 1. HP: 13/13 MP: 3/3
   270 | D:1      | Reached XP level 2. HP: 13/18 MP: 5/5
   835 | D:1      | Reached XP level 3. HP: 23/23 MP: 4/6
   840 | D:1      | Learned a level 3 spell: Spider Form
  1004 | D:2      | Found a white marble altar of Elyvilon.
  1194 | D:2      | Noticed Terence
  1432 | D:2      | Reached skill level 1 in Poison Magic
  1512 | D:1      | Killed Terence
  1512 | D:1      | Reached XP level 4. HP: 15/28 MP: 4/7
  2039 | D:3      | Noticed miragecloak's ghost (amateur OpTm)
  2417 | D:3      | Found a glowing drain.
  2523 | Sewer    | Entered a sewer
  2610 | Sewer    | Noticed a big kobold
  2622 | Sewer    | Killed a big kobold
  2622 | Sewer    | Reached XP level 5. HP: 27/33 MP: 2/8
  2636 | Sewer    | Noticed a big kobold
  2660 | Sewer    | Killed a big kobold
  2660 | Sewer    | Reached skill level 4 in Unarmed Combat
  2660 | Sewer    | Reached XP level 6. HP: 23/38 MP: 3/9
  2785 | Sewer    | Reached skill level 5 in Unarmed Combat
  3148 | Sewer    | Reached XP level 7. HP: 27/43 MP: 7/10
  3264 | Sewer    | Reached skill level 6 in Unarmed Combat
  3584 | Sewer    | HP: 2/43 [poisoned by a kobold]
  4328 | D:3      | Found a sacrificial altar of Ru.
  4333 | D:3      | Found a basalt altar of Yredelemnul.
  4335 | D:3      | Found a shimmering altar of Xom.
  4337 | D:3      | Found an iron altar of Okawaru.
  4537 | D:4      | Reached skill level 7 in Unarmed Combat
  5323 | D:4      | Noticed Pikel
  5345 | D:4      | Killed Pikel
  5345 | D:4      | Reached skill level 9 in Unarmed Combat
  5345 | D:4      | Reached XP level 8. HP: 30/48 MP: 9/11
  5612 | D:4      | Found a hide-covered altar of Uskayaw.
  7016 | D:5      | Entered Level 5 of the Dungeon
  7115 | D:5      | Found a sand-covered staircase.
  7144 | Ossuary  | Entered an ossuary
  7203 | Ossuary  | Reached skill level 10 in Unarmed Combat
  7491 | Ossuary  | Reached XP level 9. HP: 47/53 MP: 9/12
  7819 | D:5      | Found a bloodstained altar of Trog.
  8308 | D:5      | Noticed Paps's ghost (novice OpEn)
  8365 | D:6      | Reached skill level 11 in Unarmed Combat
  9105 | D:3      | Killed miragecloak's ghost
  9193 | D:5      | Found a staircase to the Ecumenical Temple.
  9214 | Temple   | Entered the Ecumenical Temple
  9304 | Temple   | Became a worshipper of Ashenzari the Shackled
  9900 | D:7      | Reached skill level 5 in Dodging
  9927 | D:7      | Noticed a hornet
  9932 | D:7      | Killed a hornet
 10083 | D:7      | Reached XP level 10. HP: 49/63 MP: 5/13
 11975 | D:8      | Reached skill level 5 in Fighting
 12347 | D:9      | Reached * piety under Ashenzari
 12394 | D:9      | Reached skill level 12 in Unarmed Combat
 12630 | D:9      | Found a staircase to the Lair.
 12654 | Lair:1   | Entered Level 1 of the Lair of Beasts
 12669 | Lair:1   | Noticed a spiny frog
 12680 | Lair:1   | Killed a spiny frog
 12688 | Lair:1   | Found a dark tunnel.
 12699 | Volcano  | Entered a volcano
 12889 | Lair:1   | Noticed a wolf spider
 12912 | Lair:1   | Killed a wolf spider
 12912 | Lair:1   | Reached skill level 13 in Unarmed Combat
 13181 | D:9      | Reached XP level 11. HP: 65/71 MP: 11/14
 13603 | D:10     | Entered Level 10 of the Dungeon
 14150 | D:10     | Reached skill level 1 in Stealth
 14153 | D:10     | Gained mutation: You are robust. (+10% HP) [mutagenic meat]
 14154 | D:10     | Gained mutation: Your flesh is heat resistant. (rF+) [mutagenic meat]
 14434 | D:10     | Found a staircase to the Orcish Mines.
 14923 | D:10     | Noticed Urug
 15141 | D:11     | Reached ** piety under Ashenzari
 15480 | D:11     | Found Pirelia's Antique Armour Shop.
 15531 | D:11     | Noticed a two-headed ogre
 15557 | D:11     | Killed a two-headed ogre
 15833 | D:11     | Noticed a two-headed ogre
 15855 | D:11     | Killed a two-headed ogre
 16250 | D:12     | Reached skill level 14 in Unarmed Combat
 16305 | D:12     | Noticed a two-headed ogre
 16320 | D:12     | Killed a two-headed ogre
 16390 | D:12     | Noticed a red ugly thing
 16455 | D:12     | Reached XP level 12. HP: 76/89 MP: 10/15
 16661 | D:12     | Reached skill level 15 in Unarmed Combat
 17079 | D:13     | Noticed a seven-headed hydra
 17079 | D:13     | Noticed melvinkitnick's ghost (journeyman VSMo)
 17826 | D:13     | HP: 2/90 [freezing wraith (6)]
 17831 | D:13     | Slain by a freezing wraith

Skill      XL: |  1  2  3  4  5  6  7  8  9 10 11 12 |
---------------+-------------------------------------+-----
Transmutations | 3 4 |  4.2
Poison Magic   | 2 3 |  3.8
Unarmed Combat | 4 5 9 10 11 13 14 15 | 15.0
Dodging        | 6 7 8 |  8.8
Fighting       | 3 5 7 8 |  8.0
Stealth        | 4 |  4.0
Spellcasting   | |  2.0

Action                   |  1- 3 |  4- 6 |  7- 9 | 10-12 || total
-------------------------+-------+-------+-------+-------++-------
Melee: Unarmed           |    71 |   108 |   476 |   611 ||  1266
       Constrict         |    17 |     7 |     9 |     5 ||    38
       Tentacles         |    13 |     4 |     7 |     5 ||    29
       Kick              |     9 |     3 |       |       ||    12
       Punch             |       |     1 |     3 |     1 ||     5
       Staff             |       |       |     5 |    20 ||    25
 Cast: Beastly Appendage |    10 |     2 |       |       ||    12
       Spider Form       |     5 |    15 |    74 |   112 ||   206
Invok: Curse Item        |       |       |     3 |     1 ||     4
  Use: Scroll            |       |       |       |     8 ||     8
       Potion            |       |       |       |     9 ||     9
 Stab: Sleeping          |     4 |     1 |     3 |    14 ||    22
       Distracted        |       |       |     1 |       ||     1
  Eat: Chunk             |     1 |     5 |    24 |    28 ||    58
       Bread ration      |     1 |       |     2 |     3 ||     6
       Fruit             |       |       |       |     3 ||     3
Armor: Skin              |     4 |     4 |    20 |    24 ||    52
Dodge: Dodged            |    39 |    87 |   349 |   558 ||  1033
